 Dungeon Crawl Stone Soup version 0.24.1-14-gf8d2b509d9 (webtiles) character file.

Game seed: 15352258352218871962, levelgen mode: deterministic

10535 KlarStein the Carver (level 11, -3/95 HPs)
             Began as a Demonspawn Fighter on Nov 29, 2020.
             Was a High Priest of Dithmenos.
             Slain by an ice devil (7 damage)
             ... summoned by an orc high priest
             ... on level 1 of the Orcish Mines on Nov 30, 2020.
             The game lasted 00:56:07 (9195 turns).

KlarStein the Carver (Demonspawn Fighter)           Turns: 9195, Time: 00:56:08

Health: -3/95      AC: 15    Str: 16    XL:     11   Next: 37%
Magic:  0/22       EV:  6    Int: 11    God:    Dithmenos [*****.]
Gold:   703        SH: 11    Dex: 15    Spells: 10/10 levels left

rFire    . . .     SeeInvis +   a - +7 long sword
rCold    + . .     Gourm    .   c - +1 shield
rNeg     + . .     Faith    .   r - +4 chain mail {rC+}
rPois    .         Spirit   +   m - +0 helmet
rElec    .         Reflect  .   w - +0 cloak
rCorr    .         Harm     .   k - +2 pair of gloves
MR       .....                  (boots unavailable)
Stlth    ..........             j - amulet of guardian spirit
HPRegen  0.25/turn              v - ring of magical power
MPRegen  0.18/turn              P - ring of positive energy

@: corroded, wreathed by umbra, lightly drained
A: hooves 3, yellow scales 2, see invisible, low mp 1, mutation resistance 1,
powered by death 1, robust 1
a: Shadow Step, Shadow Form, Renounce Religion


You were on level 1 of the Orcish Mines.
You worshipped Dithmenos.
Dithmenos was extremely pleased with you.
You were not hungry.

You visited 2 branches of the dungeon, and saw 11 of its levels.
You also visited: Ossuary.

You collected 1168 gold pieces.
You spent 465 gold pieces at shops.

Inventory:

Hand Weapons
 a - a +7 long sword (weapon)
 M - the +3 long sword of Abomination {venom, +Inv rPois Int-3 Dex+2}
   (You found it on level 8 of the Dungeon)

   It poisons the flesh of those it strikes.
   It affects your intelligence (-3).
   It affects your dexterity (+2).
   It protects you from poison.
   It lets you turn invisible.
Missiles
 G - 5 javelins (quivered)
 I - 7 curare-tipped darts
Armour
 c - a +1 shield (worn)
 k - a +2 pair of gloves (worn)
 m - a +0 helmet (worn)
 r - a +4 chain mail of cold resistance (worn)
 w - a +0 cloak (worn)
 S - a +3 plate armour
Jewellery
 j - an amulet of guardian spirit (around neck)
 o - an uncursed amulet of the acrobat
 v - a ring of magical power (left hand)
 B - an uncursed ring of ice
 P - a ring of positive energy (right hand)
Wands
 b - a wand of flame (20)
 H - a wand of enslavement (11)
 L - a wand of clouds (5)
 O - a wand of paralysis (9)
 R - a wand of acid (3)
Scrolls
 e - 8 scrolls of remove curse
 g - 3 scrolls of amnesia
 n - 2 scrolls of teleportation
 y - a scroll of fog
Potions
 h - a potion of invisibility {unknown}
 p - a potion of haste
 q - 4 potions of curing
 s - a potion of lignification
 t - 4 potions of resistance
 u - a potion of berserk rage
 A - a potion of mutation
 C - a potion of agility {unknown}
 E - 2 potions of ambrosia
 K - 3 potions of flight
 N - a potion of brilliance {unknown}
Comestibles
 f - 15 rations


   Skills:
 + Level 8.7(8.3) Fighting
 * Level 10.6(10.2) Long Blades
 - Level 7.1(6.7) Armour
 + Level 3.2(2.8) Dodging
 - Level 7.1(6.7) Shields
 + Level 4.8(4.4) Invocations


You had 10 spell levels left.
You didn't know any spells.
Your spell library was empty.

Dungeon Overview and Level Annotations

Branches:
Dungeon (9/15)             Temple (0/1) D:6             Orc (2/2) D:9
Ossuary (visited)
   Lair: D:8-11         Elf: Orc:2

Altars:
Ashenzari
Dithmenos
Elyvilon
Fedhas
Hepliaklqana
Qazlal
Xom

Shops:
D:7 *   Orc:1 [


Innate Abilities, Weirdness & Mutations

You have hooves in place of feet.
You are mostly covered in yellow scales. (AC +3)
You regenerate a little health from kills.
You have supernaturally acute eyesight. (SInv)
Your magical capacity is low. (-10% MP)
You are somewhat resistant to further mutation.
You are robust. (+10% HP)


Message History

You closely miss the orc high priest.
The orc high priest is heavily wounded.
The ice devil completely misses you.
You riposte.
You hit the ice devil.
The ice devil is moderately wounded.
The orc high priest hits you with a +0 short sword.
* * * LOW HITPOINT WARNING * * *
You closely miss the orc high priest.
You kick the orc high priest, but do no damage.
The orc high priest is heavily wounded.
You block the ice devil's attack. The rust devil hits you.
* * * LOW HITPOINT WARNING * * *
The rust devil corrodes you! You block the ice devil's attack.
The orc high priest mumbles some strange prayers to Beogh against you.
You are unaffected.
You slash the orc high priest! Your kick misses the orc high priest.
The orc high priest is severely wounded.
The ice devil hits you.
* * * LOW HITPOINT WARNING * * *
The ice devil freezes you! You resist.
You die...

##.......#...([)..#
##.........#...#...#
#...........#.#.....
#.............)#.#..
#.............#.....
#........[........#.
##...............##.
#.4.4...[....#...###
##o@<..##....#...# #
#).4...)#.....#.###
##..#...[....#....##
#......[[.....#....#
##..#..............#
##.#..........##....
#...#.#.#....#####.#
##...#####...# ###
##.## ##..##


You could see an orc high priest, 2 ice devils and a rust devil.

Vanquished Creatures
  An ettin (Orc:1)
  An orc knight (Orc:1)
  An orc sorcerer (Orc:1)
  2 trolls
  Sigmund (D:4)
  5 yaks (D:9)
  Eustachio (D:6)
  A hungry ghost (D:9)
  2 vampire mosquitoes (D:8)
  Edmund (D:6)
  2 wargs
  2 ice beasts
  19 orc warriors
  A sky beast (D:9)
  A necrophage (D:7)
  5 ogres
  A black bear (D:8)
  4 phantoms
  4 centaurs
  4 elf zombies (Ossuary)
  3 bullfrogs (D:8)
  A wyvern zombie (D:5)
  4 killer bees (D:9)
  6 scorpions
  A howler monkey (D:5)
  4 crimson imps
  Crazy Yiuf (D:5)
  3 hounds
  2 centaur zombies (Ossuary)
  2 centaur skeletons
  19 orc priests
  6 human zombies (Ossuary)
  2 jellies
  2 iguanas
  26 orc wizards
  6 worker ants
  3 mummies (Ossuary)
  A howler monkey zombie (D:5)
  Robin (D:4)
  6 gnolls
  4 adders
  2 shadow imps
  4 oozes
  An adder zombie (D:6)
  2 worms
  2 dart slugs
  3 leopard geckos
  89 orcs
  5 giant cockroaches
  13 goblins
  7 hobgoblins
  10 jackals
  2 quokkas
  A ball python (D:6)
  6 bats
  5 frilled lizards
  A jackal skeleton (D:4)
  7 kobolds
  2 leopard gecko skeletons
  10 rats
334 creatures vanquished.

Notes
Turn   | Place    | Note
-------+----------+-------------------------------------------
     0 | D:1      | KlarStein the Demonspawn Fighter began the quest for the
                  | Orb.
     0 | D:1      | Reached XP level 1. HP: 18/18 MP: 1/1
   153 | D:1      | Reached skill level 2 in Long Blades
   180 | D:1      | Gained mutation: You are partially covered in yellow
                  | scales. (AC +2) [demonic ancestry]
   180 | D:1      | Reached XP level 2. HP: 21/24 MP: 2/2
  1081 | D:2      | Reached XP level 3. HP: 29/29 MP: 3/3
  1285 | D:2      | Found a white marble altar of Elyvilon.
  1285 | D:2      | Found a shadowy altar of Dithmenos.
  1364 | D:2      | Became a worshipper of Dithmenos the Shadowed
  1496 | D:2      | Gained mutation: You regenerate a little health from kills.
                  | [demonic ancestry]
  1496 | D:2      | Reached XP level 4. HP: 30/35 MP: 4/4
  1692 | D:3      | Reached skill level 3 in Long Blades
  2107 | D:3      | Found a stormy altar of Qazlal.
  2110 | D:3      | Found a blossoming altar of Fedhas.
  2142 | D:3      | Gained mutation: You have large cloven feet. [demonic
                  | ancestry]
  2142 | D:3      | Reached XP level 5. HP: 42/42 MP: 5/5
  2288 | D:3      | Reached * piety under Dithmenos
  2854 | D:4      | Gained mutation: You have hoof-like feet. [demonic
                  | ancestry]
  2854 | D:4      | Reached XP level 6. HP: 45/48 MP: 6/6
  2863 | D:4      | Reached skill level 4 in Long Blades
  2939 | D:4      | Reached XP level 7. HP: 55/55 MP: 7/7
  2952 | D:4      | Found a sand-covered staircase.
  2961 | Ossuary  | Entered an ossuary
  3006 | Ossuary  | Reached skill level 5 in Long Blades
  3093 | Ossuary  | Reached skill level 5 in Fighting
  3101 | Ossuary  | Gained mutation: You are mostly covered in yellow scales.
                  | (AC +3) [demonic ancestry]
  3101 | Ossuary  | Reached XP level 8. HP: 55/62 MP: 8/8
  3208 | D:4      | Noticed Robin
  3218 | D:4      | Killed Robin
  3226 | D:4      | Reached ** piety under Dithmenos
  3363 | D:4      | Noticed Sigmund
  3380 | D:4      | Killed Sigmund
  3380 | D:4      | Reached skill level 6 in Long Blades
  3380 | D:4      | Reached skill level 1 in Invocations
  3414 | D:4      | Reached skill level 5 in Armour
  3823 | D:5      | Entered Level 5 of the Dungeon
  3833 | D:5      | Reached skill level 5 in Shields
  4272 | D:5      | Found a runed translucent door.
  4273 | D:5      | Noticed Crazy Yiuf
  4280 | D:5      | Killed Crazy Yiuf
  4355 | D:5      | Found a shattered altar of Ashenzari.
  4607 | D:6      | Gained mutation: You have hooves in place of feet. [demonic
                  | ancestry]
  4607 | D:6      | Reached XP level 9. HP: 67/69 MP: 11/11
  4627 | D:6      | Reached skill level 7 in Long Blades
  4660 | D:6      | Reached skill level 1 in Dodging
  4700 | D:6      | Reached *** piety under Dithmenos
  4831 | D:6      | Found a staircase to the Ecumenical Temple.
  4845 | D:6      | Noticed Eustachio
  4848 | D:6      | Noticed Edmund
  4859 | D:6      | Killed Eustachio
  4868 | D:6      | Killed Edmund
  5089 | D:6      | Found a shimmering altar of Xom.
  5090 | D:6      | Found a hazy altar of Hepliaklqana.
  5090 | D:6      | Noticed a hell beast
  5091 | D:6      | Noticed a spectral ugly thing
  5480 | D:7      | Reached skill level 8 in Long Blades
  5907 | D:7      | Found Riudupn's Assorted Antiques.
  5910 | D:7      | Bought a scroll labeled CECROC MOHUPN for 30 gold pieces
  5910 | D:7      | Bought a scroll of enchant weapon for 225 gold pieces
  6048 | D:8      | Got a jewelled long sword
  6049 | D:8      | Identified the +3 long sword of Abomination {venom, +Inv
                  | rPois Int-3 Dex+2} (You found it on level 8 of the Dungeon)
  6217 | D:8      | Reached XP level 10. HP: 64/79 MP: 12/12
  6850 | D:9      | Reached skill level 9 in Long Blades
  6861 | D:9      | Reached **** piety under Dithmenos
  7021 | D:9      | Found a staircase to the Orcish Mines.
  7442 | Orc:1    | Entered Level 1 of the Orcish Mines
  7551 | Orc:1    | Found Koeni's Antique Armour Shop.
  7552 | Orc:1    | Noticed an orc knight
  7564 | Orc:1    | Reached ***** piety under Dithmenos
  7613 | Orc:1    | Killed an orc knight
  7621 | Orc:1    | Reached skill level 10 in Long Blades
  7669 | Orc:1    | Bought a shiny chain mail for 210 gold pieces
  7857 | Orc:2    | Entered Level 2 of the Orcish Mines
  7865 | Orc:2    | Noticed an ettin
  7934 | Orc:1    | Killed an ettin
  7934 | Orc:1    | Reached XP level 11. HP: 38/87 MP: 7/13
  8765 | Orc:2    | Noticed an orc knight
  8776 | Orc:2    | Noticed an orc knight
  8777 | Orc:2    | Noticed an orc high priest
  8783 | Orc:2    | Noticed an orc sorcerer
  8806 | Orc:1    | Gained mutation: You are robust. (+10% HP) [potion of
                  | mutation]
  8806 | Orc:1    | Gained mutation: You have supernaturally acute eyesight.
                  | (SInv) [potion of mutation]
  8806 | Orc:1    | Gained mutation: Your magical capacity is low. (-10% MP)
                  | [potion of mutation]
  8806 | Orc:1    | Gained mutation: You are somewhat resistant to further
                  | mutation. [potion of mutation]
  8912 | Orc:2    | Noticed an orc high priest
  8915 | Orc:2    | Noticed an orc sorcerer
  9169 | Orc:2    | Noticed an orc sorcerer
  9172 | Orc:2    | Noticed a soul eater
  9175 | Orc:1    | Paralysed by an orc sorcerer for 6 turns
  9178 | Orc:1    | Noticed a sixfirhy
  9182 | Orc:1    | Killed an orc sorcerer
  9195 | Orc:1    | HP: 4/95 [ice devil[an orc high priest] (2)]
  9195 | Orc:1    | Slain by an ice devil

Levels and vault maps discovered:
D:1:      saegor_arrival_miasma, layout_loops_ring
D:2:      layout_rooms, gammafunk_temple_overflow_wave
D:3:      layout_loops_ring, grunt_temple_overflow_forces_of_nature,
          first_ration
D:4:      cheibrodos_old_hovel, layout_basic, enter_ossuary_3, uniq_robin,
          uniq_sigmund
D:5:      layout_gridville, nicolae_overflow_crystal_walls, st_stairs_6,
          uniq_crazy_yiuf_cottage
D:6:      layout_cave_pools, regret_index_temple_of_mockery, temple_green,
          uniq_edmund, uniq_eustachio
D:7:      layout_gridville, serial_shops, kennysheep_mini,
          minmay_misc_feat_four_crosses, amethyst_killhole
D:8:      layout_basic
D:9:      layout_roguey, david_orc_4
Orc:1:    layout_caves, serial_shops, shop, shop
Orc:2:    grunt_orc_tribal_feast, layout_diamond_mine

Skill      XL: |  1  2  3  4  5  6  7  8  9 10 11 |
---------------+----------------------------------+-----
Long Blades    | 2 3 4 5 6 8 10 | 10.6
Armour         | 3 4 5 6 7 |  7.1
Shields        | 3 4 5 6 7 |  7.1
Fighting       | 4 5 7 8 |  8.7
Invocations    | 3 4 |  4.8
Dodging        | 2 3 |  3.2

Action                   |  1- 3 |  4- 6 |  7- 9 | 10-12 || total
-------------------------+-------+-------+-------+-------++-------
Melee: Long sword        |   131 |   157 |   496 |   410 ||  1194
       Kick              |       |    25 |   170 |   127 ||   322
Throw: Javelin           |       |       |       |     6 ||     6
       Dart              |       |       |       |     1 ||     1
Evoke: Wand              |       |       |       |    10 ||    10
  Use: Scroll            |       |    12 |     9 |    15 ||    36
       Potion            |       |       |       |    10 ||    10
 Stab: Fleeing           |       |       |       |     1 ||     1
  Eat: Chunk             |     2 |     5 |    12 |     8 ||    27
       Ration            |       |       |       |     2 ||     2
Armor: Scale mail        |    70 |    70 |   152 |       ||   292
       Plate armour      |       |       |   102 |   156 ||   258
       Chain mail        |       |       |       |   108 ||   108
Dodge: Dodged            |    29 |    44 |   111 |   115 ||   299
Block: Shield            |    57 |    71 |   240 |   287 ||   655
       Rpst.: Long sword |    14 |    15 |    40 |    33 ||   102
